 Dungeon Crawl Stone Soup version 0.29-a0-384-g6960b1960d (webtiles) character file.

Game seed: 18103500394852213054

237 jimonade the Conjurer (level 5, 0/28 HPs)
             Began as a Deep Elf Conjurer on May 7, 2022.
             Slain by an orc
             ... wielding a +0 dagger of holy wrath
              (4 damage)
             ... on level 3 of the Dungeon.
             The game lasted 00:12:07 (3649 turns).

jimonade the Conjurer (Deep Elf Conjurer)           Turns: 3649, Time: 00:12:08

Health: 0/28       AC:  3    Str:  4    XL:     5   Next: 77%
Magic:  2/22       EV: 12    Int: 25    God:
Gold:   73         SH:  0    Dex: 13    Spells: 7/13 levels left

rFire   . . .      SeeInvis .   f - +0 dagger (venom)
rCold   . . .      Faith    .   (no shield)
rNeg    . . .      Spirit   .   D - +0 animal skin
rPois   .          Reflect  .   E - +0 helmet
rElec   .          Harm     .   (no cloak)
rCorr   .          Rampage  .   (no gloves)
Will    +....                   (no boots)
Stlth   ++........              (no amulet)
HPRegen 0.09/turn               e - ring of magical power
MPRegen 0.18/turn               H - ring of willpower

@: no status effects
A: no striking features
a: no special abilities


You were on level 3 of the Dungeon.
You visited 1 branch of the dungeon, and saw 3 of its levels.

You collected 73 gold pieces.

Inventory:

Hand Weapons
 f - a +0 dagger of venom (weapon)
Missiles
 h - 7 poisoned darts
 n - 2 boomerangs
 B - 51 stones
Armour
 a - a +0 robe
 r - a +0 ring mail
 u - a +0 leather armour
 y - a +0 ring mail
 D - a +0 animal skin (worn)
 E - a +0 helmet (worn)
Magical Staves
 t - a staff of earth
Jewellery
 e - a ring of magical power (left hand)
 q - a ring of positive energy
 F - an amulet of faith
 G - an amulet of guardian spirit
 H - a ring of willpower (right hand)
Wands
 w - a wand of flame (4)
Scrolls
 d - a scroll of magic mapping {unknown}
 g - a scroll of enchant armour {unknown}
 i - a scroll of teleportation {unknown}
 j - a scroll of fear {unknown}
 k - a scroll of noise {unknown}
 p - 2 scrolls of blinking {unknown}
 v - 2 scrolls of vulnerability {unknown}
 z - a scroll of summoning {unknown}
 C - a scroll of identify {unknown}
Potions
 b - 2 potions of magic
 c - 2 potions of lignification {unknown}
 l - 2 potions of ambrosia {unknown}
 m - a potion of berserk rage {unknown}
 o - a potion of heal wounds {unknown}
 s - 4 potions of mutation {unknown}
 x - 6 potions of curing {unknown}
 A - a potion of might {unknown}


   Skills:
 + Level 0.5 Fighting
 - Level 2.4 Dodging
 + Level 3.8 Stealth
 + Level 4.6 Spellcasting
 + Level 6.6 Conjurations


You had 7 spell levels left.
You knew the following spells:

 Your Spells              Type           Power      Damage    Failure   Level
a - Magic Dart            Conj           100%       1d8       1%          1
b - Searing Ray           Conj           76%        2d7       1%          2
c - Dazzling Flash        Conj/Hex       44%        N/A       7%          3

Your spell library contained the following spells:

 Spells                   Type           Power      Damage    Failure   Level
 Animate Skeleton         Necr           10%        N/A       9%          1
 Pain                     Necr           20%        1d5       9%          1
 Fulminant Prism          Conj/Hex       11%        3d9       22%         4
 Iskenderun's Mystic Bla  Conj/Tloc      22%        2d6       22%         4
 Vampiric Draining        Necr           5%         2d6       26%         3


Dungeon Overview and Level Annotations

Branches:
Dungeon (3/15)

Altars:

Shops:
D:1 (!**:


Message History

Aim: an orc, wielding a +0 dagger of holy wrath and wearing a +0 chain mail (lightly wounded, wandering, blind, hasn't noticed you, 100% to hit)
The magic dart hits the orc.
The orc is severely wounded.
The orc closely misses you.
Aiming: Magic Dart (safe; 1% risk of failure)
Press: ? - help, Q - select action, (/) - cycle Shift-Dir - straight line, f/p - orc
Aim: an orc, wielding a +0 dagger of holy wrath and wearing a +0 chain mail (severely wounded, blind, 100% to hit)
The magic dart hits the orc but does no damage.
The orc is severely wounded.
The orc closely misses you.
Aiming: Magic Dart (safe; 1% risk of failure)
Press: ? - help, Q - select action, (/) - cycle Shift-Dir - straight line, f/p - orc
Aim: an orc, wielding a +0 dagger of holy wrath and wearing a +0 chain mail (severely wounded, blind, 100% to hit)
The magic dart hits the orc.
The orc is almost dead.
The orc is no longer blind.
The orc hits you with a +0 dagger of holy wrath.
* * * LOW HITPOINT WARNING * * *
Aiming: Magic Dart (safe; 1% risk of failure)
Press: ? - help, Q - select action, (/) - cycle Shift-Dir - straight line, f/p - orc
Aim: an orc, wielding a +0 dagger of holy wrath and wearing a +0 chain mail (almost dead, 100% to hit)
The magic dart hits the orc but does no damage.
The orc is almost dead.
The orc misses you.
Aiming: Magic Dart (safe; 1% risk of failure)
Press: ? - help, Q - select action, (/) - cycle Shift-Dir - straight line, f/p - orc
Aim: an orc, wielding a +0 dagger of holy wrath and wearing a +0 chain mail (almost dead, 100% to hit)
The magic dart hits the orc but does no damage.
The orc is almost dead.
The orc hits you but does no damage.
Aiming: Magic Dart (safe; 1% risk of failure)
Press: ? - help, Q - select action, (/) - cycle Shift-Dir - straight line, f/p - orc
Aim: an orc, wielding a +0 dagger of holy wrath and wearing a +0 chain mail (almost dead, 100% to hit)
The magic dart hits the orc but does no damage.
The orc is almost dead.
The orc hits you with a +0 dagger of holy wrath.
* * * LOW HITPOINT WARNING * * *
The orc attacks as you move away!
The orc hits you with a +0 dagger of holy wrath.
You die...

#.# #.........# ##### #.#
#.........### #.. #.#
####+#......# #.# #.#
#.###....# #.# #.# #...'....#
#.# #.# #########....#
#.####### #.# #....# ##'###
#.#.....#
#.###....#############...###..
#...'....'...@o......)..##.##.
#####....#############..#...'.
#....# ##....##†##. #....#
#..#w###'#.. #....#
#.##o$##.### #)...#
#.#....+#†.. #....#
##.#..?.##†.. ######
#..##..###... #...####.'.[.


You could see an orc.

Vanquished Creatures
  Natasha (thrice) (D:2)
  Robin (D:3)
  A gnoll (D:3)
  8 adders
  A worm (D:3)
  2 orcs (D:3)
  7 ball pythons
  An endoplasm (D:1)
  6 giant cockroaches
  8 goblins
  7 hobgoblins
  3 jackals
  A quokka (D:1)
  3 bats
  10 frilled lizards
  5 kobolds (D:1)
  7 rats
74 creatures vanquished.

Vanquished Creatures (others)
  8 plants (D:1)
8 creatures vanquished.

Grand Total: 82 creatures vanquished

Notes
Turn   | Place    | Note
-------+----------+-------------------------------------------
     0 | D:1      | jimonade the Deep Elf Conjurer began the quest for the Orb.
     0 | D:1      | Reached XP level 1. HP: 10/10 MP: 6/6
   368 | D:1      | Reached XP level 2. HP: 15/15 MP: 8/8
   374 | D:1      | Found Zodaoxud's General Store.
   408 | D:1      | Reached skill level 5 in Conjurations
   627 | D:1      | Found Fithri Duto's General Store.
   682 | D:1      | Found Ikuif's Distillery.
   794 | D:1      | Found Ukuxkuit's Weapon Emporium.
   969 | D:1      | Found Oleugoroi's Book Emporium.
  1059 | D:1      | Found a faded altar of an unknown god.
  1189 | D:1      | Reached XP level 3. HP: 19/19 MP: 5/9
  1373 | D:1      | Learned a level 2 spell: Searing Ray
  1377 | D:1      | Learned a level 3 spell: Dazzling Flash
  1551 | D:2      | Noticed Natasha
  1555 | D:2      | Killed Natasha
  2141 | D:2      | Noticed Natasha
  2145 | D:2      | Killed Natasha
  2146 | D:2      | Reached XP level 4. HP: 24/24 MP: 6/11
  2258 | D:2      | Noticed Natasha
  2281 | D:2      | Killed Natasha
  2282 | D:2      | Reached skill level 6 in Conjurations
  2704 | D:3      | Reached XP level 5. HP: 28/28 MP: 9/13
  2885 | D:3      | Noticed Robin
  2923 | D:3      | Killed Robin
  3649 | D:3      | Slain by an orc

Illustrated notes

Levels and vault maps discovered:
D:1:      nagdon_arrival_double_spiral, layout_basic, serial_shops,
          shop_fountains, nicolae_shop_waterfront,
          nicolae_shop_advertising_works [nicolae_subvault_shop_adworks], shop,
          shop, ebering_ecumenical_altar_hall, grunt_decor_junction,
          minmay_lizard_king
D:2:      layout_loops_cross, uniq_natasha
D:3:      layout_basic, kennysheep_vampire_church, minmay_joined_circles,
          uniq_robin

Skill      XL: |  1  2  3  4 |
---------------+-------------+-----
Conjurations   | 5 6 |  6.6
Stealth        | 3 |  3.8
Spellcasting   | 4 |  4.6
Fighting       | |  0.5
Dodging        | |  2.4

Action                   |  1- 3 |  4- 6 || total
-------------------------+-------+-------++-------
Melee: Dagger            |    33 |    21 ||    54
       Punch             |     1 |       ||     1
 Cast: Magic Dart        |    33 |    60 ||    93
       Searing Ray       |     3 |     4 ||     7
       Dazzling Flash    |       |     4 ||     4
 Stab: Sleeping          |     3 |     1 ||     4
       Invisible         |       |     1 ||     1
Armor: Robe              |     8 |       ||     8
       Animal skin       |       |     5 ||     5
Dodge: Dodged            |    16 |    29 ||    45

Table legend: (Time is in decaauts)
 A = Elapsed time spent in this place.
 B = Non-inter-level travel time spent in this place.
 C = Inter-level travel time spent in this place.
 D = Time resting spent in this place.
 E = Time spent auto-exploring this place.
 F = Levels seen in this place.
 G = Mean time per level.
                   A        B        C        D        E       F      G
               +--------+--------+--------+--------+--------+-----+--------+
         Total |   3662 |   3503 |    159 |    900 |   1813 |   3 | 1220.7 |
       Dungeon |   3662 |   3503 |    159 |    900 |   1813 |   3 | 1220.7 |
               +--------+--------+--------+--------+--------+-----+--------+

Top non-repeatable levels by time:
     D:1: 1552 daAuts
     D:2: 1378 daAuts
     D:3: 731 daAuts
